Map: Eternal Empire LE

Players

AlexUA - Winner!

  • Race: Terran Terran
  • Spawn Location: 7:00

RuFF

  • Race: Terran Terran
  • League: Master
  • Spawn Location: 1:00

VOD

Have the link to the VOD?

Description

Time

  • Played on: Dec. 15, 2019, 10:16 a.m.
  • Length: 15:42
Show
View Real Time Build Order
Export as new Build Order

AlexUA Terran - Winner!

Build Orders: Gas First Reaper Expand, Mech 

Get SALT Encoding   

  12  0:00  SCV  
  13  0:13  SCV  
  14  0:17  Supply Depot  
  14  0:25  SCV  
  14  0:28  Refinery  
  15  0:39  SCV  
  16  0:45  Barracks  
  16  0:51  SCV  
  17  1:03  SCV  
  18  1:15  SCV  
  19  1:31  Orbital Command  
  19  1:32  Reaper  
  20  1:47  Command Center  
  20  1:56  Factory  
  20  2:00  SCV  
  21  2:07  Supply Depot  
  21  2:12  SCV  
  22  2:18  Refinery  
  22  2:24  SCV  
  22  2:32  Barracks Reactor  
  22  2:36  SCV  
  23  2:41  Factory Tech Lab  
  23  2:48  SCV  
  24  2:51  Starport  
  24  2:59  Orbital Command  
  24  3:01  SCV  
  25  3:06  Cyclone  
  25  3:10  Marine  
  25  3:11  Marine  
  30  3:13  SCV  
  31  3:25  SCV  
  31  3:26  SCV  
  33  3:28  Marine  
  33  3:29  Supply Depot, Marine  
  33  3:31  Starport Tech Lab  
  35  3:38  Cyclone  
  35  3:41  SCV  
  39  3:44  SCV  
  39  3:46  Marine  
  39  3:47  Marine  
  42  3:53  SCV  
  43  3:56  SCV  
  43  3:58  Refinery  
  44  4:05  SCV, Raven  
  46  4:11  SCV  
  47  4:17  SCV  
  47  4:23  SCV  
  46  4:29  SCV  
  45  4:35  SCV  
  44  4:41  SCV  
  44  4:44  Cyclone  
  46  4:47  SCV  
  46  4:48  Engineering Bay  
  46  4:52  Refinery  
  47  4:53  SCV  
  47  4:59  SCV  
  49  5:06  SCV  
  50  5:11  SCV  
  51  5:18  Siege Tank  
  54  5:24  Supply Depot  
  54  5:27  SCV  
  55  5:28  SCV  
  55  5:30  Supply Depot, Viking  
  56  5:39  SCV  
  56  5:40  SCV  
  56  5:51  SCV  
  56  5:52  SCV  
  55  6:03  SCV  
  54  6:04  SCV  
  54  6:07  Factory  
  55  6:15  SCV  
  55  6:17  Command Center, SCV  
  57  6:20  Siege Tank  
  57  6:21  Viking x2  
  64  6:27  SCV  
  64  6:29  SCV  
  64  6:31  Barracks Reactor  
  64  6:32  Factory  
  66  6:39  SCV  
  67  6:41  SCV  
  68  6:51  SCV  
  68  6:53  Armory, SCV  
  70  6:57  Siege Tank  
  68  7:04  SCV  
  68  7:05  SCV  
  61  7:16  SCV  
  61  7:17  SCV  
  61  7:20  Siege Tank  
  66  7:24  Supply Depot  
  66  7:28  SCV  
  66  7:29  SCV  
  71  7:30  Siege Tank  
  71  7:41  Terran Vehicle Weapons Level 1  
  71  7:47  Command Center  
  71  7:52  Refinery, SCV x2  
  71  7:53  Siege Tank, Armory  
  71  7:55  Refinery  
  76  8:02  Siege Tank  
  76  8:03  Orbital Command  
  76  8:05  SCV  
  80  8:06  SCV  
  81  8:17  SCV  
  81  8:18  SCV  
  83  8:25  Siege Tank  
  83  8:26  Infernal Pre-Igniter, Hellion x2  
  90  8:29  SCV  
  90  8:30  SCV x2  
  93  8:34  Orbital Command  
  93  8:40  Factory  
  93  8:42  SCV  
  93  8:43  SCV  
  92  8:50  Siege Tank  
  93  8:59  Viking x2, SCV x2  
  93  9:00  Orbital Command  
  93  9:01  SCV  
  100  9:03  Supply Depot  
  100  9:04  Supply Depot  
  100  9:11  SCV x2  
  100  9:12  Missile Turret  
  100  9:13  Siege Tank, Missile Turret  
  100  9:14  SCV  
  105  9:23  SCV  
  106  9:28  Missile Turret  
  106  9:29  Viking  
  106  9:31  Missile Turret  
  108  9:35  SCV  
  108  9:36  SCV  
  108  9:37  Viking  
  112  9:44  SCV x2  
  112  9:45  Missile Turret  
  114  9:50  Factory Tech Lab, Factory  
  114  9:54  Terran Vehicle Weapons Level 2  
  114  9:56  Terran Vehicle And Ship Armor Level 1  
  114  9:57  SCV  
  115  10:07  Thor  
  115  10:09  Viking x2  
  100  10:28  SCV x2  
  102  10:39  Orbital Command  
  101  10:44  Viking x2  
  101  10:47  SCV x2  
  101  10:49  Siege Tank x2  
  110  10:50  Hellion x2  
  110  10:51  Siege Tank  
  110  10:54  SCV  
  110  10:56  Refinery  
  116  10:57  Refinery  
  116  10:59  SCV  
  116  11:02  Factory Reactor  
  117  11:09  SCV x3  
  119  11:11  Hellion  
  119  11:12  SCV  
  122  11:21  SCV x2  
  122  11:22  SCV  
  122  11:24  SCV  
  129  11:28  Missile Turret  
  129  11:31  Viking  
  130  11:48  Supply Depot, Thor x2  
  130  11:50  Supply Depot  
  148  11:54  Missile Turret  
  140  12:09  Raven  
  140  12:15  Factory  
  142  12:16  Factory Tech Lab, Factory  
  142  12:17  Hellion  
  142  12:18  Hellion x2  
  142  12:19  SCV, Starport  
  149  12:24  Hellion  
  151  12:30  Orbital Command  
  151  12:31  Thor x2  
  162  12:37  Missile Turret x2  
  162  12:41  Missile Turret  
  162  13:01  Hellion  
  164  13:09  Starport  
  164  13:34  Supply Depot x2  
  164  13:45  Viking, Missile Turret, Hellion  
  164  13:46  Viking, Siege Tank  
  161  13:48  Thor, Missile Turret  
  161  13:50  Thor  
  152  13:56  Hellion x2  
  148  14:15  Viking  
  148  14:16  Viking  
  152  14:18  Siege Tank  
  152  14:20  Hellion x2  
  159  14:31  Siege Tank  
  159  14:33  Factory Tech Lab x2, Siege Tank  
  159  14:34  Starport Reactor  
  153  14:45  Viking  
  153  14:46  Viking  
  153  14:50  Siege Tank, Orbital Command  
  153  14:52  Siege Tank x2, Hellion  
  166  15:03  Siege Tank  
  166  15:05  Siege Tank  
  172  15:12  Hellion x2  
Show
View Real Time Build Order
Export as new Build Order

RuFF Terran 

Build Orders: 1/1/1, Hellion Banshee 

Get SALT Encoding   

  12  0:00  SCV  
  13  0:13  SCV  
  14  0:17  Supply Depot  
  14  0:25  SCV  
  15  0:29  Refinery  
  15  0:39  SCV  
  16  0:46  Barracks  
  16  0:51  SCV  
  17  1:03  SCV  
  18  1:15  SCV  
  19  1:32  Orbital Command  
  19  1:33  Marine  
  19  1:34  Factory  
  20  1:43  Supply Depot  
  20  1:51  Barracks Reactor  
  20  2:02  SCV  
  21  2:14  SCV  
  22  2:29  Starport  
  21  2:32  Hellion x2  
  21  2:34  SCV  
  21  2:35  Supply Depot  
  26  2:48  Command Center  
  26  2:53  Hellion  
  26  2:56  Hellion  
  29  3:06  SCV  
  29  3:08  Supply Depot  
  30  3:14  Hellion  
  30  3:18  Hellion  
  34  3:25  SCV  
  35  3:27  Supply Depot  
  35  3:36  Hellion  
  35  3:39  Hellion  
  39  3:42  Starport Tech Lab  
  39  3:47  Refinery  
  39  3:50  SCV  
  39  3:54  Barracks Tech Lab  
  40  4:00  Cloaking Field  
  40  4:01  Banshee  
  43  4:09  SCV  
  34  4:37  Hellion  
  34  4:38  Hellion  
  34  4:41  Stimpack  
  34  4:42  Marine  
  33  4:49  Orbital Command  
  33  4:51  SCV  
  34  4:59  Marine, Hellion x2  
  38  5:04  SCV  
  43  5:07  Barracks  
  43  5:15  SCV  
  43  5:16  SCV  
  45  5:23  Hellion x2  
  46  5:44  Hellion  
  48  6:04  Hellion  
  48  6:06  Hellion  
  48  6:08  Barracks Reactor  
  49  6:11  Engineering Bay  
  49  6:12  SCV x2  
  49  6:13  Engineering Bay  
  49  6:14  Refinery x2  
  49  6:16  Marauder  
  53  6:22  Starport  
  53  6:23  Starport  
  53  6:24  Combat Shield  
  53  6:35  SCV x2  
  53  6:38  Barracks  
  55  6:43  Factory Tech Lab  
  55  6:45  Marine x3  
  58  6:47  SCV x2, Terran Infantry Weapons Level 1  
  58  6:48  Terran Infantry Armor Level 1  
  60  6:59  SCV x2  
  58  7:03  Marine x3  
  53  7:11  SCV  
  52  7:17  Medivac  
  52  7:18  Medivac  
  52  7:19  Siege Tank  
  52  7:22  Marauder  
  57  7:24  SCV x2  
  57  7:26  Marine  
  57  7:28  Marine  
  61  7:30  Marine x2  
  61  7:36  SCV x2  
  65  7:42  Supply Depot, Marine  
  66  7:47  Command Center  
  66  7:50  Marine x3  
  69  7:55  Marine  
  69  7:56  Starport Tech Lab  
  69  7:57  Starport Tech Lab  
  70  8:03  Marine  
  71  8:07  Supply Depot, Marine  
  71  8:08  Supply Depot  
  71  8:10  Supply Depot  
  72  8:13  Armory, SCV x2  
  72  8:18  Marine x2  
  72  8:19  Medivac  
  77  8:28  Medivac  
  77  8:31  Marine x3  
  82  8:39  Command Center  
  82  8:55  Marine x4  
  80  8:56  Marine  
  84  9:10  Terran Infantry Weapons Level 2, Terran Infantry Armor Level 2, Terran Ship Weapons Level 1  
  84  9:13  Marine x5  
  89  9:19  SCV  
  90  9:28  Barracks  
  90  9:31  Barracks  
  90  9:32  Barracks  
  90  9:53  Orbital Command  
  90  9:54  SCV x2  
  92  10:06  SCV, Fusion Core  
  93  10:15  Command Center, Refinery  
  72  10:52  Banshee x2  
  72  10:54  Barracks Tech Lab  
  72  10:55  Barracks Tech Lab x2  
  67  10:57  Marauder  
  67  10:58  Marine x3  
  67  10:59  Marine  
  67  11:02  SCV  
  72  11:05  SCV  
  72  11:07  Refinery  
  72  11:10  SCV  
  74  11:12  Terran Ship Weapons Level 2  
  74  11:14  SCV  
  74  11:16  Marine  
  78  11:18  Marauder  
  78  11:19  Marine x2, Starport x2  
  78  11:20  Marauder  
  78  11:23  SCV x2  
  84  11:28  SCV x2  
  86  11:35  SCV  
  86  11:39  SCV  
  92  11:40  SCV  
  92  11:46  Marauder x2  
  97  11:48  Marauder  
  97  11:49  SCV  
  97  11:50  SCV  
  97  11:52  SCV  
  102  11:54  Orbital Command  
  102  11:58  Starport Tech Lab x2  
  102  12:01  SCV  
  102  12:06  Battlecruiser x2  
  102  12:07  Marine x3  
  112  12:18  Raven x2  
  116  12:23  SCV x3  
  116  12:24  SCV  
  116  12:29  Weapon Refit  
  120  12:32  Terran Infantry Weapons Level 3, Terran Infantry Armor Level 3  
  120  12:39  Marine  
  120  12:40  Marine x2, Marauder x2  
  120  12:42  SCV x2  
  120  12:43  SCV  
  130  12:50  Refinery  
  130  12:51  SCV  
  130  12:53  Refinery, Marine  
  130  12:56  Supply Depot  
  130  12:58  Supply Depot  
  132  13:02  Marauder x3  
  132  13:03  Missile Turret  
  132  13:05  SCV  
  139  13:08  Marine  
  140  13:17  Medivac  
  140  13:18  Marauder  
  143  13:22  Supply Depot  
  143  13:23  Marauder  
  81  14:03  Battlecruiser x4  
  96  14:13  Marauder x4  
  96  14:14  Marine  
  96  14:15  Marine x3  
  96  14:34  Marine, Marauder  
  96  14:35  Marauder x3  
  72  14:56  Marauder x2  
  64  15:12  Orbital Command  
Tags
 
Add a new tag
Caveats
  • Supply blocks, unpowered buildings, or Contaminate may cause inaccurate times.
  • Supply counts are checked every 10 seconds.